 Dungeon Crawl Stone Soup version 0.18.1-8-gdd0e5ea (webtiles) character file.

6398 Gagarin the Protected (level 10, 0/90 HPs)
             Began as a Minotaur Fighter on May 31, 2016.
             Was an Elder of the Shining One.
             Slain by an eight-headed hydra (12 damage)
             ... on level 1 of the Lair of Beasts.
             The game lasted 00:32:08 (9387 turns).

Gagarin the Protected (Minotaur Fighter)            Turns: 9387, Time: 00:32:08

Health: 0/90       AC: 27    Str: 24    XL:     10   Next: 66%
Magic:  7/9        EV: 10    Int:  6    God:    the Shining One [****..]
Gold:   455        SH: 18    Dex:  9    Spells: 0 memorised, 9 levels left

rFire  . . .     SeeInvis +     d - +1 flail (protect)
rCold  + . .     Gourm    .     T - +6 chain mail of Plog {rPois rC+ Slay+4}
rNeg   + + .     Faith    +     c - +0 shield
rPois  +         Spirit   .     (helmet restricted)
rElec  .         Dismiss  .     (no cloak)
rCorr  .         Reflect  .     J - +0 pair of gloves
SustAt .         Harm     .     L - +2 pair of boots
MR     .....                    A - amulet of faith
Stlth  ..........               M - ring of flight
                                m - ring of see invisible

@: divine shield, glowing, not resistant to hostile enchantments, extremely
unstealthy
A: retaliatory headbutt, horns 2
a: Divine Shield, Cleansing Flame, Renounce Religion, Evoke Flight


You were on level 1 of the Lair of Beasts.
You worshipped the Shining One.
The Shining One was greatly pleased with you.
You were hungry.

You visited 3 branches of the dungeon, and saw 11 of its levels.

You collected 551 gold pieces.
You spent 96 gold pieces at shops.

Inventory:

Hand Weapons
 a - a +0 war axe
 d - a +1 flail of protection (weapon)
 u - a +3 hand axe of freezing
 y - a +0 hunting sling
Missiles
 w - 59 bolts
 R - 4 steel javelins (quivered)
Armour
 c - a +0 shield (worn)
 J - a +0 pair of gloves (worn)
 K - a +1 scale mail of magic resistance
 L - a +2 pair of boots (worn)
 T - the +6 chain mail of Plog (worn) {rPois rC+ Slay+4}
   (You found it on level 9 of the Dungeon)

   It affects your accuracy and damage with ranged weapons and melee attacks
   (+4).
   It protects you from cold.
   It protects you from poison.
Jewellery
 m - a ring of see invisible (left hand)
 A - an amulet of faith (around neck)
 D - an uncursed ring of ice
 M - a ring of flight (right hand)
Wands
 I - a wand of slowing (20/48)
 O - a wand of flame (20/48)
 Q - a wand of confusion (25/48)
Scrolls
 j - 8 scrolls of identify
 l - 2 scrolls of enchant weapon
 q - 5 scrolls of amnesia
 r - 4 scrolls of remove curse
 v - 3 scrolls of teleportation
 x - 3 scrolls of fear {unknown}
 B - 2 scrolls of fog {unknown}
 C - a scroll of magic mapping {unknown}
 E - a scroll of brand weapon {unknown}
 F - 3 scrolls of recharging {unknown}
 U - a scroll of noise {unknown}
Potions
 e - 4 potions of resistance
 g - a potion of heal wounds
 i - a potion of flight {unknown}
 n - 3 potions of curing
 o - a potion of magic {unknown}
 p - 7 potions of degeneration {unknown}
 s - a potion of lignification {unknown}
 z - 3 potions of agility {unknown}
 G - 2 potions of brilliance {unknown}
 H - 2 potions of ambrosia {unknown}
 S - a potion of mutation {unknown}
Books
 P - a book of Battle

   Spells                             Type                      Level
   a - Infusion                       Charms                       1
   b - Shroud of Golubria             Charms/Translocation         2
   c - Song of Slaying                Charms                       2
   d - Spectral Weapon                Hexes/Charms                 3
   e - Regeneration                   Charms/Necromancy            3
Comestibles
 b - a beef jerky
 f - 3 bread rations
 h - 31 fruits
 k - a royal jelly
 t - 8 meat rations
 N - a slice of pizza
 V - 5 chunks of flesh


   Skills:
 + Level 8.5 Fighting
 + Level 9.2 Axes
 + Level 10.3 Armour
 + Level 7.4 Dodging
 + Level 1.0 Stealth
 + Level 9.6 Shields
 + Level 0.1 Evocations


You had 9 spell levels left.
You didn't know any spells.

Dungeon Overview and Level Annotations

Branches:
Dungeon (9/15)             Temple (1/1) D:4            Lair (1/8) D:9
    Orc (0/2) D:9

Altars:
Ashenzari
Cheibriados
Dithmenos
Elyvilon
Fedhas
Gozag
Kikubaaqudgha
Makhleb
Nemelex Xobeh
Okawaru
Pakellas
Qazlal
Ru
Sif Muna
Trog
Vehumet
Xom
Yredelemnul
Zin
The Shining One

Shops:
D:7 %   D:8 [   D:9 (![(


Innate Abilities, Weirdness & Mutations

You reflexively headbutt those who attack you in melee.
You have a pair of horns on your head.


Message History

Drink which item? (? for menu, Esc to quit)
You feel much better.
You block the eight-headed hydra's attack.
The eight-headed hydra bites you but does no damage.
The eight-headed hydra bites you!
The eight-headed hydra bites you but does no damage.
You block the eight-headed hydra's attack.
The eight-headed hydra bites you but does no damage.
The eight-headed hydra completely misses you.
The eight-headed hydra bites you but does no damage.
You hit the eight-headed hydra.
The eight-headed hydra is almost dead.
The eight-headed hydra bites you.
* * * LOW HITPOINT WARNING * * *
The eight-headed hydra bites you!
* * * LOW HITPOINT WARNING * * *
The eight-headed hydra bites you.
* * * LOW HITPOINT WARNING * * *
The eight-headed hydra bites you!
You die...

### ### ####.###P### ##
...........## #####.####.
........>..##.#..........
##.##...........$...P..P♣
...........# #.#..P≈≈≈≈≈≈
#.....#P...# #.#.P≈≈.≈.≈≈
#.###.##...###..P≈.≈≈≈≈≈≈
..# ####........@D≈≈≈≈≈≈.
#.# #...#.#.#♣%≈.≈≈.≈≈
#.. ##.........♣≈≈≈≈≈≈≈
... #......#.#.#♣.....P
##. #....###....## .#####
# .##..### ##.(.# # .
.... #...# . ##.. #...# .
#.....


You could see an eight-headed hydra.

Vanquished Creatures
  An ugly thing (D:9)
  A yak (D:9)
  2 hippogriffs
  6 hungry ghosts
  Menkaure (D:6)
  A soldier ant (D:9)
  2 hell hounds (D:9)
  2 orc warriors
  A sky beast (D:7)
  2 ice beasts
  A necrophage (D:7)
  3 phantoms
  4 centaurs
  4 ogres
  2 crocodiles (Lair:1)
  A big kobold (D:8)
  Blork the orc (D:5)
  9 giant frogs
  5 scorpions
  5 killer bees (D:7)
  7 wights
  An electric eel (Lair:1)
  2 crimson imps
  5 hounds
  2 quasits (D:9)
  8 orc wizards
  A jelly (D:7)
  A centaur skeleton (D:4)
  4 orc priests
  A giant frog skeleton (D:9)
  3 iguanas
  7 worker ants
  A hound zombie (D:7)
  10 adders
  A gnoll (D:1)
  A howler monkey skeleton (D:5)
  A shadow imp (D:9)
  3 oozes
  An adder skeleton (D:5)
  3 worms
  A dart slug (D:1)
  8 giant geckos
  31 orcs
  11 bats
  10 giant cockroaches
  6 goblins
  10 hobgoblins
  6 jackals
  7 quokkas
  2 ball pythons
  2 giant newts (D:2)
  5 kobolds
  A quokka skeleton (D:5)
  4 rats
221 creatures vanquished.

Notes
Turn   | Place    | Note
--------------------------------------------------------------
     0 | D:1      | Gagarin the Minotaur Fighter began the quest for the Orb.
     0 | D:1      | Reached XP level 1. HP: 19/19 MP: 0/0
    98 | D:1      | Reached XP level 2. HP: 27/27 MP: 1/1
   141 | D:1      | Reached skill level 4 in Armour
   252 | D:1      | Reached XP level 3. HP: 31/33 MP: 2/2
   871 | D:2      | Found an iron altar of Okawaru.
  1202 | D:2      | Reached skill level 1 in Dodging
  1639 | D:2      | Reached XP level 4. HP: 40/40 MP: 3/3
  1885 | D:3      | Found a radiant altar of Vehumet.
  1886 | D:3      | Found an ancient bone altar of Kikubaaqudgha.
  1956 | D:3      | Found a burning altar of Makhleb.
  2352 | D:3      | Reached XP level 5. HP: 6/47 MP: 4/4
  2998 | D:4      | Got a distressingly furry leather armour
  3019 | D:4      | Found a staircase to the Ecumenical Temple.
  3026 | D:4      | Reached skill level 5 in Armour
  3027 | D:4      | Reached skill level 5 in Shields
  3203 | Temple   | Entered the Ecumenical Temple
  3204 | Temple   | Identified the cursed +1 leather armour of Marbles {+Fly rF+++ MR- Slay-4} (You found it on level 4 of the Dungeon)
  3241 | Temple   | Became a worshipper of the Shining One
  3263 | D:4      | Reached XP level 6. HP: 52/53 MP: 5/5
  3535 | D:4      | HP: 1/55 [orc priest/divine providence (12)]
  3655 | D:4      | Reached XP level 7. HP: 19/60 MP: 6/6
  3999 | D:4      | Reached skill level 5 in Fighting
  4092 | D:5      | Entered Level 5 of the Dungeon
  4172 | D:5      | Reached skill level 6 in Armour
  4207 | D:5      | Noticed Blork the orc
  4215 | D:5      | Killed Blork the orc
  4315 | D:5      | Reached * piety under the Shining One
  4504 | D:5      | Reached skill level 5 in Axes
  4752 | D:5      | Found a sparkling altar of Nemelex Xobeh.
  5042 | D:5      | Reached XP level 8. HP: 70/70 MP: 7/7
  5312 | D:6      | Found a stormy altar of Qazlal.
  5334 | D:6      | Reached skill level 7 in Armour
  5404 | D:6      | Noticed Menkaure
  5411 | D:6      | Killed Menkaure
  5428 | D:6      | Found an opulent altar of Gozag.
  5891 | D:6      | Reached skill level 5 in Dodging
  5966 | D:7      | Found Jinuruy's Food Boutique.
  5999 | D:7      | Reached skill level 8 in Armour
  5999 | D:7      | Reached XP level 9. HP: 25/77 MP: 8/8
  6448 | D:7      | Reached ** piety under the Shining One
  7034 | D:7      | Found a glowing silver altar of Zin.
  7067 | D:7      | Found a snail-covered altar of Cheibriados.
  7255 | D:7      | Found a shattered altar of Ashenzari.
  7478 | D:8      | Found a white marble altar of Elyvilon.
  7496 | D:8      | Reached skill level 9 in Armour
  7556 | D:8      | Found Sefun's Antique Armour Shop.
  7598 | D:8      | Found a shadowy altar of Dithmenos.
  7736 | D:8      | Reached *** piety under the Shining One
  7893 | D:8      | Reached XP level 10. HP: 79/87 MP: 9/9
  8193 | D:9      | Found a blossoming altar of Fedhas.
  8219 | D:9      | Found Fiol's Armour Boutique.
  8256 | D:9      | Found Mosow's Weapon Shop.
  8360 | D:9      | Noticed a white ugly thing
  8372 | D:9      | Found Kydeul's Antique Weapon Emporium.
  8573 | D:9      | Found Hocoedgh's Distillery.
  8608 | D:9      | Bought a potion of heal wounds for 60 gold pieces
  8608 | D:9      | Bought a potion of curing for 36 gold pieces
  8764 | D:9      | Got a faintly humming chain mail
  8776 | D:9      | Identified the +6 chain mail of Plog {rPois rC+ Slay+4} (You found it on level 9 of the Dungeon)
  8871 | D:9      | Reached skill level 1 in Stealth
  8975 | D:9      | Killed a white ugly thing
  8975 | D:9      | Reached skill level 10 in Armour
  9151 | D:9      | Reached **** piety under the Shining One
  9161 | D:9      | Found a staircase to the Lair.
  9162 | D:9      | Found a staircase to the Orcish Mines.
  9207 | Lair:1   | Entered Level 1 of the Lair of Beasts
  9370 | Lair:1   | Noticed an eight-headed hydra
  9387 | Lair:1   | Slain by an eight-headed hydra

Skill      XL: |  1  2  3  4  5  6  7  8  9 10 |
---------------+-------------------------------+-----
Fighting       | 4 5 6 7 8 |  8.5
Armour         | 4 5 6 8 9 10 | 10.3
Shields        | 4 5 6 7 8 9 |  9.6
Dodging        | 1 2 3 5 6 7 |  7.4
Axes           | 3 4 5 6 7 9 |  9.2
Stealth        | 1 |  1.0
Evocations     | |  0.1

Action                   |  1- 3 |  4- 6 |  7- 9 | 10-12 || total
-------------------------+-------+-------+-------+-------++-------
Melee: War axe           |   104 |   108 |     6 |       ||   218
       Headbutt          |    17 |    22 |    41 |    22 ||   102
       Hand axe          |       |    37 |   291 |   132 ||   460
       Flail             |       |       |       |    11 ||    11
Invok: Divine Shield     |       |       |       |     1 ||     1
Evoke: Wand              |       |       |       |     2 ||     2
  Use: Potion            |       |     1 |       |     1 ||     2
       Scroll            |       |     2 |     6 |     3 ||    11
  Eat: Chunk             |     2 |     7 |    17 |     7 ||    33
       Pizza             |       |       |     1 |       ||     1
       Beef jerky        |       |       |     1 |       ||     1
       Fruit             |       |       |       |     5 ||     5
Armor: Scale mail        |    56 |    45 |    75 |    24 ||   200
       Chain mail        |       |       |       |    69 ||    69
Dodge: Dodged            |    29 |    43 |   102 |    48 ||   222
Block: Shield            |    65 |    76 |   153 |    86 ||   380
